Map: 아크로폴리스 - 래더

Players

TSGSolar (Solar) - Winner!

  • Race: Zerg Zerg
  • Spawn Location: 5:00

Harstem

  • Race: Protoss Protoss
  • League: Grandmaster
  • Spawn Location: 11:00

Event: HomeStory Cup XIX

VOD

Have the link to the VOD?

Description

Time

  • Played on: June 27, 2019, 8:40 a.m.
  • Length: 13:04

All games in this series

Show
View Real Time Build Order
Export as new Build Order

TSGSolar Zerg - Winner!

Build Orders: Hatch First, Brood Lord Corruptor, Roach Hydra 

Get SALT Encoding   

  12  0:01  Drone  
  13  0:12  Overlord  
  13  0:16  Drone  
  14  0:31  Drone x2  
  16  0:47  Hatchery  
  15  0:50  Drone  
  15  0:53  Drone  
  18  0:57  Drone  
  18  1:08  Extractor  
  17  1:12  Spawning Pool  
  17  1:15  Drone  
  17  1:19  Drone  
  18  1:28  Drone  
  19  1:38  Drone  
  20  1:47  Hatchery  
  20  1:49  Drone  
  20  2:00  Queen  
  22  2:03  Zergling x2  
  22  2:05  Drone  
  24  2:11  Metabolic Boost  
  24  2:19  Drone  
  24  2:21  Overlord  
  25  2:28  Queen  
  27  2:31  Zergling x2  
  28  2:39  Zergling x4  
  28  2:41  Drone  
  31  2:45  Queen  
  34  2:51  Drone x2  
  35  3:00  Spore Crawler  
  35  3:05  Drone  
  37  3:06  Overlord  
  37  3:08  Drone  
  37  3:10  Drone  
  37  3:12  Drone  
  40  3:15  Drone  
  41  3:26  Drone x3  
  43  3:27  Drone x2  
  43  3:33  Overlord  
  43  3:36  Drone x2  
  43  3:37  Drone  
  43  3:39  Roach Warren  
  43  3:40  Drone x2  
  47  3:44  Lair  
  47  3:46  Drone  
  47  3:48  Drone  
  49  3:53  Drone x3  
  52  3:55  Extractor  
  52  3:57  Extractor, Overlord  
  52  3:59  Drone  
  52  4:02  Overlord  
  51  4:05  Zergling x4  
  51  4:07  Drone  
  54  4:12  Drone, Spore Crawler  
  54  4:13  Zergling x4  
  56  4:18  Spore Crawler  
  56  4:19  Roach  
  56  4:20  Roach  
  56  4:22  Roach  
  61  4:26  Roach  
  61  4:27  Roach  
  61  4:30  Roach  
  67  4:36  Roach x2  
  71  4:40  Overlord  
  71  4:42  Drone  
  71  4:43  Drone  
  72  4:48  Drone x2  
  72  4:49  Queen  
  72  4:52  Roach  
  74  4:53  Overlord  
  74  4:55  Overlord  
  74  4:58  Drone x2  
  73  5:01  Glial Reconstitution  
  73  5:03  Roach  
  75  5:07  Overseer  
  75  5:09  Roach  
  75  5:10  Roach  
  75  5:12  Overlord  
  80  5:14  Drone  
  80  5:15  Drone  
  80  5:16  Drone  
  80  5:19  Drone x2  
  80  5:21  Extractor  
  83  5:23  Drone  
  83  5:25  Drone  
  83  5:26  Drone  
  86  5:32  Zergling x12  
  89  5:36  Queen  
  89  5:39  Drone, Extractor  
  89  5:40  Drone  
  92  5:45  Spire  
  92  5:47  Roach  
  92  5:48  Overseer  
  92  5:49  Drone  
  94  5:51  Drone  
  94  5:53  Drone  
  94  5:54  Drone  
  94  5:55  Drone  
  98  6:03  Overlord  
  98  6:05  Overlord  
  98  6:07  Overlord  
  98  6:09  Extractor, Overlord  
  96  6:12  Overlord  
  96  6:14  Overlord  
  96  6:15  Overlord x2  
  96  6:18  Overlord  
  96  6:22  Drone x2  
  96  6:24  Drone  
  96  6:25  Roach  
  101  6:26  Drone x2  
  101  6:28  Overlord  
  101  6:29  Roach  
  103  6:37  Drone  
  103  6:39  Overlord  
  103  6:42  Zergling x2  
  102  6:47  Evolution Chamber  
  102  6:52  Drone  
  101  6:54  Drone x2  
  101  6:57  Mutalisk x6  
  101  6:59  Mutalisk  
  116  7:01  Mutalisk  
  116  7:02  Hatchery  
  116  7:04  Drone  
  116  7:05  Zerg Flyer Weapons Level 1  
  117  7:11  Mutalisk x2  
  121  7:19  Drone x4  
  121  7:20  Drone x3  
  121  7:21  Hydralisk Den  
  121  7:22  Drone  
  128  7:24  Zerg Missile Weapons Level 1  
  128  7:25  Overlord  
  128  7:26  Drone x2  
  130  7:33  Infestation Pit  
  130  7:35  Drone x3  
  132  7:37  Drone x2  
  132  7:40  Overlord  
  132  7:42  Extractor  
  133  7:46  Drone  
  133  7:48  Drone, Extractor  
  133  7:50  Overlord  
  133  7:54  Hydralisk x4  
  133  7:55  Hydralisk, Grooved Spines  
  133  7:57  Drone  
  144  8:00  Pneumatized Carapace  
  144  8:01  Zergling x4  
  145  8:06  Hydralisk  
  147  8:17  Hydralisk x4  
  151  8:20  Zergling x6  
  151  8:23  Queen  
  151  8:25  Hive  
  151  8:26  Overseer  
  156  8:33  Drone  
  157  8:38  Hydralisk  
  157  8:39  Hydralisk x3  
  165  8:42  Zergling x6  
  165  8:43  Zergling x4  
  168  8:48  Hydralisk x2  
  168  8:52  Hatchery  
  171  8:57  Hydralisk  
  171  8:58  Hydralisk, Nydus Network  
  168  9:03  Zergling x14  
  168  9:06  Muscular Augments  
  168  9:09  Roach x4  
  183  9:11  Drone  
  183  9:12  Spine Crawler  
  183  9:13  Hydralisk  
  185  9:18  Roach x2  
  185  9:19  Hydralisk, Roach  
  185  9:24  Hydralisk x2  
  193  9:26  Overseer  
  197  9:33  Overlord x2  
  197  9:36  Overlord  
  197  9:39  Overlord  
  197  9:44  Nydus Canal  
  196  9:46  Overseer  
  196  9:47  Overlord  
  196  9:48  Overlord  
  193  9:57  Greater Spire, Zergling x26  
  193  9:58  Nydus Canal  
  196  10:02  Zerg Melee Weapons Level 1  
  196  10:05  Corruptor x2  
  197  10:15  Nydus Canal, Corruptor  
  197  10:20  Corruptor  
  199  10:34  Drone  
  200  10:42  Extractor  
  199  10:46  Extractor  
  199  10:49  Corruptor  
  197  11:05  Corruptor x3  
  199  11:14  Nydus Canal  
  199  11:17  Corruptor x2  
  188  11:26  Zergling x16  
  188  11:28  Corruptor x2  
  186  11:35  Overseer  
  186  11:39  Roach x3  
  186  11:41  Hydralisk x3, Nydus Canal  
  186  11:45  Brood Lord  
  186  11:46  Brood Lord x5  
  196  11:50  Brood Lord x2  
  196  11:52  Corruptor  
  188  11:54  Spine Crawler  
  188  11:55  Zergling x8, Drone, Spore Crawler  
  188  12:01  Queen  
  191  12:04  Corruptor  
  193  12:08  Corruptor  
  193  12:14  Corruptor x2  
  194  12:19  Corruptor  
  194  12:21  Zergling x22  
  196  12:26  Corruptor  
  198  12:32  Overseer x2  
  198  12:34  Corruptor x2  
Show
View Real Time Build Order
Export as new Build Order

Harstem Protoss 

Build Orders: 1 Gate Expand, Zealot Archon, Archon Drop, Dark Templar Rush 

Get SALT Encoding   

  12  0:00  Probe  
  13  0:12  Probe  
  14  0:17  Pylon  
  14  0:24  Probe  
  14  0:28  Assimilator  
  15  0:32  Probe  
  15  0:40  Probe  
  16  0:47  Gateway  
  17  0:51  Probe  
  18  1:03  Probe  
  19  1:15  Probe  
  20  1:22  Nexus  
  20  1:34  Cybernetics Core  
  20  1:35  Probe  
  21  1:42  Assimilator  
  21  1:47  Probe  
  21  1:50  Pylon  
  22  1:59  Probe  
  22  2:00  Adept  
  23  2:11  Probe  
  23  2:12  Twilight Council  
  26  2:15  Warp Gate  
  26  2:20  Stalker  
  26  2:23  Probe  
  27  2:31  Probe  
  27  2:35  Probe  
  31  2:39  Probe  
  32  2:45  Robotics Facility  
  32  2:48  Probe  
  32  2:49  Probe  
  34  3:00  Probe  
  34  3:01  Probe  
  36  3:09  Dark Shrine  
  36  3:12  Probe  
  37  3:13  Probe  
  37  3:14  Gateway  
  38  3:23  Gateway, Warp Prism  
  40  3:28  Gateway  
  40  3:35  Probe  
  40  3:36  Probe  
  42  3:42  Assimilator  
  42  3:44  Assimilator  
  42  3:47  Probe  
  43  3:48  Probe  
  43  3:51  Pylon  
  44  3:56  Pylon  
  44  3:59  Probe  
  45  4:03  Probe  
  45  4:06  Pylon  
  46  4:11  Probe  
  46  4:15  Probe  
  48  4:21  Dark Templar x2  
  48  4:22  Dark Templar  
  54  4:24  Dark Templar  
  54  4:26  Archon  
  54  4:28  Archon  
  54  4:30  Probe  
  54  4:31  Probe  
  58  4:34  Observer  
  59  4:42  Probe  
  60  4:49  Nexus  
  60  4:52  Pylon  
  60  4:54  Probe x2  
  60  4:58  Dark Templar  
  62  5:04  Forge  
  62  5:05  Probe x2  
  62  5:07  Pylon  
  62  5:13  Probe  
  63  5:16  Probe  
  65  5:23  Pylon  
  65  5:27  Probe, Zealot x3  
  65  5:28  Probe  
  70  5:32  Immortal  
  70  5:39  Probe  
  70  5:40  Probe  
  76  5:46  Sentry  
  78  5:51  Probe  
  78  5:52  Probe  
  80  5:57  Protoss Ground Weapons Level 1  
  80  6:02  Pylon  
  80  6:03  Probe x2  
  82  6:04  Probe  
  82  6:05  Immortal, Gateway x2  
  82  6:09  Sentry x2  
  87  6:15  Probe  
  92  6:19  Zealot  
  92  6:20  Probe  
  92  6:23  Probe  
  92  6:24  Pylon  
  96  6:27  Probe  
  97  6:34  Probe  
  97  6:36  Probe  
  97  6:37  Zealot x2  
  97  6:38  Zealot  
  103  6:40  Probe  
  103  6:45  Pylon  
  103  6:46  Probe  
  104  6:48  Probe  
  104  6:51  Assimilator  
  104  6:52  Probe  
  106  6:54  Zealot, Templar Archives  
  106  6:55  Assimilator  
  108  7:02  Photon Cannon  
  108  7:04  Stargate  
  108  7:06  Shield Battery  
  105  7:10  Psionic Storm  
  105  7:11  Photon Cannon  
  105  7:13  Stalker  
  105  7:14  Probe  
  105  7:15  Probe  
  109  7:21  Stargate  
  109  7:24  Pylon  
  109  7:26  Immortal  
  113  7:32  High Templar x2  
  113  7:36  Pylon  
  117  7:39  Pylon  
  117  7:40  Shield Battery  
  117  7:44  Probe  
  117  7:47  Phoenix  
  117  7:48  Probe x2  
  117  7:51  Protoss Ground Weapons Level 2  
  120  7:59  Zealot, Pylon  
  120  8:00  High Templar  
  120  8:01  High Templar  
  120  8:05  Shield Battery  
  126  8:08  Phoenix  
  126  8:11  Archon  
  124  8:13  Probe  
  124  8:17  Probe  
  124  8:20  Phoenix  
  124  8:23  Probe  
  127  8:27  Gateway  
  127  8:28  Gateway  
  127  8:30  Photon Cannon, Phoenix  
  127  8:32  High Templar  
  131  8:38  Charge, High Templar  
  131  8:39  Zealot x4  
  141  8:42  Probe  
  140  8:51  Probe  
  141  9:01  High Templar, Nexus  
  141  9:02  Pylon x2  
  143  9:04  High Templar  
  143  9:05  Pylon  
  143  9:09  Pylon  
  145  9:10  Pylon  
  145  9:13  Photon Cannon  
  145  9:16  Photon Cannon  
  145  9:20  Zealot  
  145  9:22  High Templar x2, Pylon  
  151  9:27  Probe  
  151  9:29  Pylon  
  150  9:33  High Templar  
  150  9:34  Zealot x2  
  150  9:35  Zealot, Pylon  
  158  9:39  Pylon  
  158  9:44  Photon Cannon, Pylon  
  158  9:46  Photon Cannon  
  158  9:47  Zealot, Dark Templar  
  160  9:56  High Templar  
  160  9:57  Probe  
  161  10:00  High Templar  
  161  10:02  Zealot x2  
  167  10:08  Photon Cannon  
  167  10:12  Zealot, Dark Templar  
  161  10:23  Assimilator, Probe  
  161  10:24  Probe x2  
  161  10:27  Photon Cannon, Zealot x2, Dark Templar  
  168  10:28  Assimilator, High Templar  
  168  10:31  Photon Cannon  
  169  10:37  Probe  
  169  10:41  High Templar  
  169  10:42  Photon Cannon, Shield Battery  
  171  10:52  Photon Cannon  
  171  10:55  Photon Cannon  
  171  10:56  Fleet Beacon  
  171  11:00  Zealot x3  
  163  11:14  Oracle  
  163  11:17  Zealot  
  164  11:19  Zealot x3  
  164  11:25  Zealot x3  
  152  11:33  Probe  
  152  11:37  Gateway  
  152  11:38  Gateway  
  152  11:39  Zealot x3  
  151  11:41  Tempest  
  151  11:44  Gateway  
  151  11:45  Pylon  
  151  11:46  Photon Cannon  
  149  11:51  Photon Cannon  
  154  12:05  Shield Battery, Tempest  
  154  12:06  Photon Cannon  
  159  12:08  Photon Cannon  
  159  12:11  Photon Cannon  
  159  12:14  Tempest  
  155  12:16  Zealot  
  155  12:17  Zealot x3  
  155  12:22  Zealot, Dark Templar  
  166  12:34  Photon Cannon  
  166  12:36  Photon Cannon  
  168  12:51  Zealot x6  
Tags
 
Add a new tag
Caveats
  • Supply blocks, unpowered buildings, or Contaminate may cause inaccurate times.
  • Supply counts are checked every 10 seconds.